 Dungeon Crawl Stone Soup version 0.29.1-15-g9cfb28693d (webtiles) character file.

Game seed: 7396348470900785053

53 zeram the Grave Robber (level 3, -5/26 HPs)
             Began as a Gnoll Necromancer on Feb 25, 2023.
             Slain by a gnoll
             ... wielding a +0 whip
              (9 damage)
             ... on level 2 of the Dungeon.
             The game lasted 00:02:52 (1896 turns).

zeram the Grave Robber (Gnoll Necromancer)          Turns: 1896, Time: 00:02:53

Health: -5/26      AC:  2    Str:  7    XL:     3   Next: 87%
Magic:  2/9        EV: 13    Int: 16    God:
Gold:   20         SH:  0    Dex: 12    Spells: 8/12 levels left

rFire   . . .      SeeInvis .   c - +1 mace (protect)
rCold   . . .      Faith    .   (no shield)
rNeg    . . .      Spirit   .   a - +0 robe
rPois   .          Reflect  .   (no helmet)
rElec   .          Harm     .   (no cloak)
rCorr   .          Rampage  .   (no gloves)
Will    .....                   (no boots)
Stlth   ++........              (no amulet)
HPRegen 0.08/turn               (no ring)
MPRegen 0.11/turn               (no ring)

@: no status effects
A: fangs 1, strong nose, distributed training
a: no special abilities


You were on level 2 of the Dungeon.
You visited 1 branch of the dungeon, and saw 2 of its levels.

You collected 20 gold pieces.

Inventory:

Hand Weapons
 c - a +1 mace of protection (weapon)
Armour
 a - a +0 robe (worn)
Scrolls
 i - a scroll of enchant weapon
Potions
 b - a potion of magic
 d - a potion of curing {unknown}
 e - a potion of degeneration {unknown}
 f - a potion of flight {unknown}
 l - a potion of attraction {unknown}
 n - a potion of berserk rage {unknown}


   Skills:
 + Level 1.0 Fighting
 + Level 1.0 Short Blades
 + Level 1.0 Long Blades
 + Level 1.0 Axes
 + Level 1.0 Maces & Flails
 + Level 1.0 Polearms
 + Level 1.0 Staves
 + Level 1.0 Ranged Weapons
 + Level 1.0 Throwing
 + Level 1.0 Armour
 + Level 4.6 Dodging
 + Level 4.2 Stealth
 + Level 1.0 Shields
 + Level 1.0 Unarmed Combat
 + Level 5.0 Spellcasting
 + Level 0.7 Conjurations
 + Level 0.7 Hexes
 + Level 0.7 Summonings
 + Level 7.1 Necromancy
 + Level 0.7 Translocations
 + Level 0.7 Transmutations
 + Level 0.7 Fire Magic
 + Level 0.7 Ice Magic
 + Level 0.7 Air Magic
 + Level 0.7 Earth Magic
 + Level 0.7 Poison Magic
 + Level 1.1 Invocations
 + Level 1.0 Evocations


You had 8 spell levels left.
You knew the following spells:

 Your Spells              Type           Power      Damage    Failure   Level
a - Necrotise             Necr           100%       1d9       1%          1
b - Vampiric Draining     Necr           26%        2d7       2%          3

Your spell library contained the following spells:

 Spells                   Type           Power      Damage    Failure   Level
 Animate Dead             Necr           26%        N/A       9%          4
 Agony                    Necr           26%        N/A       22%         5


Dungeon Overview and Level Annotations

Branches:
Dungeon (2/15)

Altars:


Innate Abilities, Weirdness & Mutations

You have very sharp teeth.
Your uncanny sense of smell can sniff out nearby items.
Your experience applies equally to all skills.


Message History

Confirm with . or Enter, or press ? or * to list all spells.
Aiming: Vampiric Draining (dangerous; 2% risk of failure)
Press: ? - help, Shift-Dir - straight line, f/p - gnoll
Aim: a gnoll, wielding a +0 flail (almost dead)
You draw life force from the gnoll.
You kill the gnoll!
A gnoll comes into view. It is wielding a +0 whip.
Your Fighting skill increases to level 1!
Your Short Blades skill increases to level 1!
Your Long Blades skill increases to level 1!
Your Axes skill increases to level 1!
Your Maces & Flails skill increases to level 1!
Your Polearms skill increases to level 1!
Your Staves skill increases to level 1!
Your Ranged Weapons skill increases to level 1!
Your Throwing skill increases to level 1!
Your Armour skill increases to level 1!
Your Shields skill increases to level 1!
Your Unarmed Combat skill increases to level 1!
Your Evocations skill increases to level 1!
Casting: Vampiric Draining (dangerous; 2% risk of failure)
Confirm with . or Enter, or press ? or * to list all spells.
Aiming: Necrotise (safe; 1% risk of failure)
Press: ? - help, Shift-Dir - straight line, f - gnoll
Aim: a gnoll, wielding a +0 whip and wearing a +0 robe (chance to affect: 88%)
The gnoll writhes in agony.
Casting: Necrotise (safe; 1% risk of failure)
Confirm with . or Enter, or press ? or * to list all spells.
Aiming: Necrotise (safe; 1% risk of failure)
Press: ? - help, Shift-Dir - straight line, f/p - gnoll
Aim: a gnoll, wielding a +0 whip and wearing a +0 robe (heavily wounded, chance to affect: 88%)
The gnoll writhes in agony.
Casting: Necrotise (safe; 1% risk of failure)
Confirm with . or Enter, or press ? or * to list all spells.
You don't have enough magic to cast this spell.
Unknown command.
You barely miss the gnoll.
The gnoll is heavily wounded.
The gnoll barely misses you. The gnoll hits you with a +0 whip!
You die...

∆ ∆ ##### ....
#.. #g#
#.#####@# #
#.......##.#
######.....###
#...........#
#.###.###.#.#
#..<†.....# #
#†........#
#....†....#..(..
#.##......#.#.#.


You could see a gnoll.

Vanquished Creatures
  A gnoll (D:2)
  A dart slug (D:1)
  5 endoplasms (D:1)
  2 giant cockroaches (D:1)
  2 goblins (D:1)
  3 hobgoblins
  2 jackals (D:1)
  3 quokkas (D:1)
  4 ball pythons
  5 bats
  A frilled lizard (D:2)
  3 kobolds (D:1)
  2 rats (D:1)
34 creatures vanquished.

Vanquished Creatures (collateral kills)
  A bat (D:1)
1 creature vanquished.

Grand Total: 35 creatures vanquished

Notes
Turn   | Place    | Note
-------+----------+-------------------------------------------
     0 | D:1      | zeram the Gnoll Necromancer began the quest for the Orb.
     0 | D:1      | Reached XP level 1. HP: 13/13 MP: 6/6
   175 | D:1      | Reached XP level 2. HP: 17/19 MP: 3/7
   761 | D:1      | Reached skill level 5 in Spellcasting
   761 | D:1      | Reached XP level 3. HP: 24/25 MP: 7/9
  1039 | D:1      | Reached skill level 1 in Invocations
  1807 | D:1      | Learned a level 3 spell: Vampiric Draining
  1894 | D:2      | Reached skill level 1 in Fighting
  1894 | D:2      | Reached skill level 1 in Short Blades
  1894 | D:2      | Reached skill level 1 in Long Blades
  1894 | D:2      | Reached skill level 1 in Axes
  1894 | D:2      | Reached skill level 1 in Maces & Flails
  1894 | D:2      | Reached skill level 1 in Polearms
  1894 | D:2      | Reached skill level 1 in Staves
  1894 | D:2      | Reached skill level 1 in Ranged Weapons
  1894 | D:2      | Reached skill level 1 in Throwing
  1894 | D:2      | Reached skill level 1 in Armour
  1894 | D:2      | Reached skill level 1 in Shields
  1894 | D:2      | Reached skill level 1 in Unarmed Combat
  1894 | D:2      | Reached skill level 1 in Evocations
  1896 | D:2      | Slain by a gnoll

Illustrated notes

Levels and vault maps discovered:
D:1:      dpeg_arrival_stone_temple_mockup, layout_basic,
          dreamdust_princess_corridor, minmay_misc_feat_room,
          minmay_split_cup_large
D:2:      layout_basic, shapermc_ecumenical_altar_totnotflames,
          nicolae_figureground_pulse

Skill      XL: |  1  2  3 |
---------------+----------+-----
Spellcasting   | 5 |  5.0
Invocations    | 1 |  1.1
Fighting       | 1 |  1.0
Short Blades   | 1 |  1.0
Long Blades    | 1 |  1.0
Axes           | 1 |  1.0
Maces & Flails | 1 |  1.0
Polearms       | 1 |  1.0
Staves         | 1 |  1.0
Ranged Weapons | 1 |  1.0
Throwing       | 1 |  1.0
Armour         | 1 |  1.0
Shields        | 1 |  1.0
Unarmed Combat | 1 |  1.0
Evocations     | 1 |  1.0
Dodging        | |  4.6
Stealth        | |  4.2
Conjurations   | |  0.7
Hexes          | |  0.7
Summonings     | |  0.7
Necromancy     | |  7.1
Translocations | |  0.7
Transmutations | |  0.7
Fire Magic     | |  0.7
Ice Magic      | |  0.7
Air Magic      | |  0.7
Earth Magic    | |  0.7
Poison Magic   | |  0.7

Action                   || total
-------------------------++-------
Melee: Mace              ||    85
       Bite              ||    10
 Cast: Necrotise         ||    18
       Vampiric Draining ||     1
  Use: Scroll            ||     7
 Stab: Sleeping          ||     4
Armor: Robe              ||    23
Dodge: Dodged            ||    93
